 Dungeon Crawl Stone Soup version 0.20-a0-1116-gaa52201 (webtiles) character file.

119 dvd the Ruffian (level 4, -6/35 HPs)
             Began as a Draconian Transmuter on May 7, 2017.
             Mangled by a worker ant (7 damage)
             ... on level 3 of the Dungeon.
             The game lasted 00:07:43 (2780 turns).

dvd the Ruffian (Draconian Transmuter)              Turns: 2780, Time: 00:07:43

Health: -6/35      AC:  6    Str: 12    XL:     4   Next: 73%
Magic:  8/8        EV: 12    Int: 15    God:
Gold:   113        SH:  0    Dex: 11    Spells: 3/8 levels left

rFire    . . .     SeeInvis .     - Unarmed
rCold    + . .     Gourm    .   (no shield)
rNeg     . . .     Faith    .   (armour unavailable)
rPois    .         Spirit   .   (helmet restricted)
rElec    .         Reflect  .   (no cloak)
rCorr    .         Harm     .   (no gloves)
MR       .....     Rnd*Tele +   d - +0 pair of boots
Stlth    +.........             (no amulet)
Regen    0.2/turn               l - ring of protection from cold
MPRegen  0.2/turn               m - ring of teleportation (curse)

@: lethally poisoned (-6 -> -11), appendage (expiring)
A: unfitting armour, horns 2, cold-blooded, AC +5
a: End Transformation


You were on level 3 of the Dungeon.
You were near starving.
You had grown temporary horns.
You visited 1 branch of the dungeon, and saw 4 of its levels.

You collected 113 gold pieces.

Inventory:

Missiles
 a - 12 arrows
Armour
 d - a +0 pair of boots (worn)
Jewellery
 l - a ring of protection from cold (left hand)
 m - a cursed ring of teleportation (right hand)
Scrolls
 e - a scroll of enchant weapon
 h - 2 scrolls of teleportation
 i - a scroll of identify
Potions
 j - a potion of mutation {unknown}
Books
 b - a book of Changes

   Spells                             Type                      Level
   a - Beastly Appendage              Transmutation                1
   b - Sticks to Snakes               Transmutation                2
   c - Spider Form                    Transmutation/Poison         3
   d - Ice Form                       Ice/Transmutation            4
   e - Blade Hands                    Transmutation                5
Comestibles
 c - 4 bread rations


   Skills:
 + Level 1.5 Fighting
 + Level 2.2 Dodging
 + Level 4.2 Unarmed Combat
 + Level 2.7 Spellcasting
 * Level 2.6 Transmutations


You had 3 spell levels left.
You knew the following spells:

 Your Spells              Type           Power        Failure   Level  Hunger
a - Beastly Appendage     Tmut           #.....       7%          1    #......
b - Ice Form              Ice/Tmut       #.......     75%         4    #####..


Dungeon Overview and Level Annotations

Branches:
Dungeon (4/15)
 Temple: D:4-7

Altars:


Innate Abilities, Weirdness & Mutations

Your plain brown scales are hard. (AC +5)
You cannot fit into any form of body armour.
You are cold-blooded and may be slowed by cold attacks.
You have a pair of horns on your head.


Message History

The worker ant is almost dead.
* * * LOW HITPOINT WARNING * * *
You feel sick. The worker ant misses you.
Unknown command.
You hit the worker ant but do no damage.
You headbutt the worker ant, but do no damage.
The worker ant is almost dead.
Your transformation is almost over.
* * * LOW HITPOINT WARNING * * *
You feel sick. The worker ant bites you.
* * * LOW HITPOINT WARNING * * *
You hit the worker ant but do no damage.
The worker ant is almost dead.
The worker ant barely misses you.
You barely miss the worker ant. Your headbutt misses the worker ant.
You tail-slap the worker ant.
The worker ant is almost dead.
* * * LOW HITPOINT WARNING * * *
You feel sick. The worker ant bites you!
You die...

#...# #.# ###.#
#.# #.# #.# #.#
#.# #.# #.# #.#
#.# #.# #.# #.#
#.#
#.###########@#
#..<.........a#
###############


You could see a worker ant.

Vanquished Creatures
  Robin (D:3)
  2 adders
  2 oozes (D:3)
  A worm (D:3)
  A dart slug (D:1)
  2 leopard geckos
  5 orcs (D:3)
  6 giant cockroaches
  13 goblins
  11 hobgoblins
  2 jackals (D:1)
  2 quokkas (D:2)
  4 bats
  A frilled lizard (D:1)
  4 kobolds
  4 rats
61 creatures vanquished.

Notes
Turn   | Place    | Note
-------+----------+-------------------------------------------
     0 | D:1      | dvd the Draconian Transmuter began the quest for the Orb.
     0 | D:1      | Reached XP level 1. HP: 16/16 MP: 3/3
   244 | D:1      | Reached XP level 2. HP: 23/23 MP: 3/5
  1026 | D:2      | Reached XP level 3. HP: 28/28 MP: 4/6
  1034 | D:2      | Learned a level 3 spell: Spider Form
  1737 | D:3      | Noticed Robin
  1841 | D:3      | Reached XP level 4. HP: 28/35 MP: 5/8
  1848 | D:3      | Reached skill level 4 in Unarmed Combat
  2054 | D:3      | Killed Robin
  2335 | D:3      | Learned a level 4 spell: Ice Form
  2780 | D:3      | HP: 1/35 [poisoned by a worker ant]
  2780 | D:3      | Mangled by a worker ant

Vault maps used:
D:1:      dpeg_arrival_castle
D:2:      first_bread, corexii_corridor_pit
D:3:      kb_forest_paths, grunt_decor_arrowhead, uniq_robin
D:4:      serial_shops, shop

Skill      XL: |  1  2  3  4 |
---------------+-------------+-----
Dodging        | 2 |  2.2
Unarmed Combat | 4 |  4.2
Fighting       | |  1.5
Spellcasting   | |  2.7
Transmutations | |  2.6

Action                   |  1- 3 |  4- 6 || total
-------------------------+-------+-------++-------
Melee: Unarmed           |   131 |    98 ||   229
       Tailslap          |    13 |    12 ||    25
       Headbutt          |     9 |    14 ||    23
       Punch             |     1 |     2 ||     3
 Cast: Beastly Appendage |    25 |     9 ||    34
       Spider Form       |     1 |       ||     1
  Use: Scroll            |     8 |       ||     8
       Potion            |       |     2 ||     2
 Stab: Sleeping          |       |     1 ||     1
  Eat: Chunk             |     3 |     2 ||     5
Armor: Skin              |    39 |    30 ||    69
Dodge: Dodged            |    79 |    53 ||   132
